 Dungeon Crawl Stone Soup version 0.18-a0-844-g9229740 (webtiles) character file.

6818 4thArraOfDagon the Spear-Bearer (level 11, -4/91 HPs)
             Began as a Merfolk Wanderer on Dec 18, 2015.
             Was a Follower of Ashenzari.
             Slain by a flayed ghost (8 damage)
             ... on level 9 of the Dungeon.
             The game lasted 00:29:44 (4791 turns).

4thArraOfDagon the Spear-Bearer (Merfolk Wanderer)  Turns: 4791, Time: 00:29:44

Health: -4/91      AC:  8    Str: 12    XL:     11   Next: 5%
Magic:  16/16      EV: 18    Int: 12    God:    Ashenzari [*.....]
Gold:   56         SH:  0    Dex: 19    Spells: 1 memorised, 11 levels left

rFire  . . .     SeeInvis .     h - +0 bardiche
rCold  . . .     Gourm    .     E - +1 leather armour {MR+}
rNeg   . . .     Faith    .     (shield currently unavailable)
rPois  .         Spirit   .     x - -2 helmet (curse)
rElec  .         Dismiss  .     (no cloak)
rCorr  .         Reflect  .     l - +2 pair of gloves
SustAt .         Harm     .     k - +1 pair of boots
MR     ++...                    (no amulet)
Stlth  ++........               s - ring of protection from magic
                                e - +2 ring of dexterity

@: flayed, very resistant to hostile enchantments, unstealthy
A: change form in water, swift swim
a: Scrying, Renounce Religion


You were on level 9 of the Dungeon.
You worshipped Ashenzari.
Ashenzari was aware of your devotion.
You were not hungry.

You visited 2 branches of the dungeon, and saw 11 of its levels.

You collected 387 gold pieces.
You spent 331 gold pieces at shops.

Inventory:

Hand Weapons
 a - a +2 hand crossbow
 h - a +0 bardiche (weapon)
 v - a +0 trident
Missiles
 b - 51 bolts
 r - 7 curare-tipped needles
Armour
 k - a +1 pair of boots (worn)
 l - a +2 pair of gloves (worn)
 x - a cursed -2 helmet (worn)
 E - a +1 leather armour of magic resistance (worn)
Magical Staves
 u - an uncursed staff of fire
Jewellery
 e - a +2 ring of dexterity (left hand)
 s - a ring of protection from magic (right hand)
Wands
 t - a wand of draining (6)
 w - a wand of fire (2)
 G - a wand of fire (2)
 H - a wand of random effects (21)
 L - a wand of magic darts (22)
Scrolls
 d - 6 scrolls of remove curse
 j - 4 scrolls of recharging
 m - a scroll of fear
 D - a scroll of enchant armour
 J - a scroll of amnesia
Potions
 c - 3 potions of curing
 g - 4 potions of resistance
 i - 3 potions of flight
 n - a potion of cancellation
 o - a potion of agility
 z - a potion of magic
 B - a potion of heal wounds
 C - a potion of haste {unknown}
 K - a potion of might {unknown}
Books
 y - a book of the Earth

   Spells                             Type                      Level
   a - Leda's Liquefaction            Hexes/Earth                  4
   b - Bolt of Magma                  Conjuration/Fire/Earth       5
   c - Statue Form                    Transmutation/Earth          6
   d - Iron Shot                      Conjuration/Earth            6
   e - Shatter                        Earth                        9
Comestibles
 f - 5 bread rations
 p - 4 beef jerkies
 q - a fruit
 A - 3 meat rations
 F - a slice of pizza


   Skills:
 + Level 10.2 Fighting
 * Level 11.7 Polearms
 - Level 1.0 Crossbows
 - Level 1.0 Armour
 + Level 8.7 Dodging
 - Level 1.1 Stealth
   Level 1.0 Shields
 + Level 3.8 Spellcasting
 * Level 8.2 Transmutations
 * Level 5.5 Earth Magic


You had 11 spell levels left.
You knew the following spells:

 Your Spells              Type           Power        Failure   Level  Hunger
a - Statue Form           Trmt/Erth      ###......    100%        6    #######


Dungeon Overview and Level Annotations

Branches:
Dungeon (10/15)            Temple (1/1) D:5
   Lair: D:8-11         Orc: D:9-12

Altars:
Ashenzari
Cheibriados
Dithmenos
Elyvilon
Fedhas
Gozag
Kikubaaqudgha
Makhleb
Okawaru
Pakellas
Qazlal
Ru
Sif Muna
Trog
Vehumet
Xom
Yredelemnul
Zin
The Shining One

Shops:
D:4 ([(   D:6 %   D:7 [   D:9 %   D:10 *

Annotations:
D:3 Alethiolet's ghost, amateur DsWn
D:8 LAIR, Crishpax's ghost, novice FeTm


Message History

The flayed ghost hits you!
You barely miss the flayed ghost.
The flayed ghost is moderately damaged.
The flayed ghost completely misses you. The flayed ghost hits you!
You hit the flayed ghost.
The flayed ghost is heavily damaged.
The flayed ghost stares at you with tortured malice.
You miss the flayed ghost.
The flayed ghost is heavily damaged.
The flayed ghost barely misses you. x2
You slice the flayed ghost!!
The flayed ghost is severely damaged.
The flayed ghost cries, "Suffer as I suffered!"
Terrible wounds open up all over your body!
You completely miss the flayed ghost.
The flayed ghost is severely damaged.
The flayed ghost hits you!!
* * * LOW HITPOINT WARNING * * *
The flayed ghost hits you!
You die...

#####...'#.)###+###..#'...######
##...##.##..###...###..##.##...##
#.....###..##.......##..###.....#
#.._...'....'..._...+....'......#
#.....###..##.......##..###.....#
##...##.##..###...###(.## #...##
#####...'#..###+###..#'...#####
#...###........(###._.# #...#
#'##8@8##'## ...######
##.###...##W##.).# .###.... ##
#.....#.#.._..#####.####
##...##.##...###....#
#####=})######.....# # #.#
######.......##### #
###.#####...#.##......... # .#
#..................###### ###.#
#.###..........#.†.......


You could see a flayed ghost.

Vanquished Creatures
  Sigmund (D:5)
  A human (D:7)
  A hog (D:7)
  A shadow (D:9)
  A hippogriff (D:9)
  Eustachio (D:5)
  7 yaks
  4 wraiths (D:9)
  Menkaure (D:7)
  3 hungry ghosts
  A fire bat (D:9)
  Duvessa (D:5)
  5 ogres
  An ice beast (D:10)
  3 sky beasts
  An orc warrior (D:9)
  3 necrophages
  2 centaurs
  Blork the orc (D:5)
  2 giant frogs
  Dowan (D:5)
  2 scorpions
  4 killer bees (D:9)
  4 wights (D:9)
  3 hounds
  2 centaur skeletons
  2 jellies
  A crimson imp (D:9)
  3 giant frog skeletons
  3 iron imps (D:8)
  9 orc wizards
  A gnoll shaman (D:7)
  7 orc priests
  5 worker ants
  An iguana (D:9)
  3 sheep (D:7)
  3 hound zombies
  A mummy (D:8)
  9 adders
  7 gnolls
  3 shadow imps
  An ooze (D:1)
  2 worms
  7 giant geckos
  24 orcs
  2 ball pythons
  14 bats
  2 giant cockroaches
  3 goblins
  6 hobgoblins
  3 jackals (D:6)
  2 quokkas (D:3)
  2 giant newts
  2 hobgoblin zombies (D:8)
  A jackal skeleton (D:4)
  A jackal zombie (D:6)
  5 kobolds
  A kobold zombie (D:8)
  An orc zombie (D:8)
  A quokka skeleton (D:5)
  4 rats
199 creatures vanquished.

Notes
Turn   | Place    | Note
--------------------------------------------------------------
     0 | D:1      | 4thArraOfDagon the Merfolk Wanderer began the quest for the Orb.
     0 | D:1      | 4thArraOfDagon set off with: a +2 hand crossbow, 23 bolts, 2 potions of curing, a +0 robe, a bread ration
     0 | D:1      | Reached XP level 1. HP: 23/23 MP: 1/1
     3 | D:1      | 6.5 fighting
     3 | D:1      | wtf
     6 | D:1      | 2x curing
     6 | D:1      | must win
    29 | D:1      | Reached skill level 1 in Dodging
    29 | D:1      | Reached XP level 2. HP: 29/29 MP: 2/2
   252 | D:2      | +2 gloves
   252 | D:2      | why so OP
   319 | D:2      | dismissal amu
   319 | D:2      | whatever
   382 | D:3      | Reached skill level 7 in Fighting
   383 | D:3      | Reached XP level 3. HP: 32/36 MP: 3/3
   433 | D:3      | Noticed an ogre
   440 | D:3      | Noticed Alethiolet's ghost (amateur DsWn)
   504 | D:4      | Noticed an ogre
   514 | D:4      | Killed an ogre
   514 | D:4      | Reached XP level 4. HP: 19/43 MP: 4/4
   514 | D:4      | Reached XP level 5. HP: 21/48 MP: 5/5
   651 | D:3      | did i mention +2 xbow?
   700 | D:4      | spear
   700 | D:4      | time to reap poles
   754 | D:4      | trident
   754 | D:4      | !!!!
   759 | D:4      | Found Josecozi's Antique Weapon Emporium.
   768 | D:4      | bardiche for 261
   768 | D:4      | ahahah
   790 | D:4      | Reached skill level 1 in Polearms
   847 | D:4      | Found Piosiddonk's Antique Weapon Emporium.
   850 | D:4      | Found Qesagec's Armour Shoppe.
   954 | D:4      | draining wand
   954 | D:4      | jeee
   954 | D:4      | why so OP
  1004 | D:4      | Found a blossoming altar of Fedhas.
  1005 | D:4      | wand of fire
  1085 | D:4      | Reached XP level 6. HP: 56/56 MP: 6/6
  1114 | D:5      | Entered Level 5 of the Dungeon
  1150 | D:5      | Reached skill level 8 in Fighting
  1210 | D:5      | Noticed Duvessa
  1211 | D:5      | Noticed Dowan
  1215 | D:5      | Killed Duvessa
  1215 | D:5      | Reached skill level 5 in Polearms
  1215 | D:5      | Reached skill level 5 in Dodging
  1215 | D:5      | Reached XP level 7. HP: 57/62 MP: 7/7
  1215 | D:5      | Killed Dowan
  1351 | D:5      | Noticed Blork the orc
  1355 | D:5      | Killed Blork the orc
  1455 | D:5      | Noticed Eustachio
  1457 | D:5      | Noticed Sigmund
  1465 | D:5      | Killed Sigmund
  1465 | D:5      | Reached XP level 8. HP: 51/69 MP: 8/8
  1466 | D:5      | Killed Eustachio
  1493 | D:5      | Found a staircase to the Ecumenical Temple.
  1499 | Temple   | Entered the Ecumenical Temple
  1535 | Temple   | Learned a level 6 spell: Statue Form
  1546 | Temple   | Became a worshipper of Ashenzari the Shackled
  1618 | D:6      | Found Doir's Food Boutique.
  1641 | D:6      | Found an oddly glowing altar of Pakellas.
  1641 | D:6      | Found a shimmering altar of Xom.
  1779 | D:6      | Reached skill level 1 in Transmutations
  1788 | D:6      | Found a shadowy altar of Dithmenos.
  1965 | D:7      | Reached skill level 1 in Earth Magic
  2018 | D:7      | Reached skill level 9 in Fighting
  2062 | D:7      | Noticed Menkaure
  2067 | D:7      | Killed Menkaure
  2067 | D:7      | Reached skill level 1 in Spellcasting
  2079 | D:7      | Found Wuqat's Armour Shop.
  2242 | D:7      | Reached XP level 9. HP: 27/76 MP: 9/11
  2607 | D:4      | Bought a bardiche for 261 gold pieces
  2922 | D:6      | Found a snail-covered altar of Cheibriados.
  2922 | D:6      | Found a bloodstained altar of Trog.
  3033 | D:8      | Reached skill level 5 in Transmutations
  3111 | D:8      | Noticed Crishpax's ghost (novice FeTm)
  3407 | D:8      | Found a burning altar of Makhleb.
  3453 | D:8      | Reached skill level 10 in Polearms
  3528 | D:9      | Reached XP level 10. HP: 29/84 MP: 13/13
  3604 | D:9      | Found Diodayny's Food Boutique.
  3652 | D:10     | Entered Level 10 of the Dungeon
  3725 | D:10     | Found a glowing silver altar of Zin.
  3725 | D:10     | Noticed an angel
  3730 | D:10     | Found Xanein's Hallowed Reliquary.
  3734 | D:10     | Bought a potion of heal wounds for 70 gold pieces
  3754 | D:10     | Reached * piety under Ashenzari
  3995 | D:10     | Noticed a deep elf mage
  4039 | D:10     | Noticed a deep elf mage
  4053 | D:10     | Reached skill level 11 in Polearms
  4068 | D:10     | Reached skill level 10 in Fighting
  4233 | D:9      | Found a radiant altar of Vehumet.
  4374 | D:9      | Reached skill level 5 in Earth Magic
  4378 | D:9      | Found a blossoming altar of Fedhas.
  4384 | D:9      | Found a runed door.
  4386 | D:9      | Found a bloodstained altar of Trog.
  4415 | D:9      | Found a shimmering altar of Xom.
  4587 | D:9      | Found a burning altar of Makhleb.
  4596 | D:9      | Found a shimmering altar of Xom.
  4603 | D:9      | Reached XP level 11. HP: 51/91 MP: 16/16
  4606 | D:9      | Found a shimmering altar of Xom.
  4782 | D:9      | Noticed a flayed ghost
  4791 | D:9      | HP: 4/91 [flayed ghost (26)]
  4791 | D:9      | Slain by a flayed ghost

Vault maps used:
D:1:      minmay_arrival_diagonal_passages
D:2:      nemelex_deck
D:3:      first_bread, nrook_uturn, st_stairs_3, hangedman_abyss_or_decor_stabs
D:4:      old_standard_altar, serial_shops, nicolae_shop_behind_doors, shop,
          kennysheep_mini_moat, shop_fountains
D:5:      minmay_temple_entry_enclosed_plants, uniq_eustachio, uniq_duvessa,
          uniq_sigmund, uniq_blork_the_orc
D:6:      nicolae_overflow_hidden_temple, lemuel_doored_altar,
          gammafunk_temple_overflow_statue, serial_shops,
          nicolae_shop_behind_doors
D:7:      serial_shops, nicolae_shop_trees, grunt_livestock, uniq_menkaure
D:8:      demons_altar, erik_lair_dragon, minmay_mini_ossuary
D:9:      due_megacathedral, vehumet_altar_wand_db, serial_shops,
          nicolae_shop_statue_plus, kennysheep_small_circle
D:10:     nicolae_good_shop
Temple:   triangle_lava_temple_11

Action                   |  1- 3 |  4- 6 |  7- 9 | 10-12 || total
-------------------------+-------+-------+-------+-------++-------
Melee: Short sword       |    30 |    29 |       |       ||    59
       Trident           |       |    28 |   149 |       ||   177
       Bardiche          |       |       |   135 |   247 ||   382
       Scythe            |       |       |     6 |       ||     6
 Fire: Hand crossbow     |    33 |    40 |    74 |    10 ||   157
Evoke: Wand              |       |     1 |    17 |    10 ||    28
  Use: Scroll            |     3 |     4 |     6 |     5 ||    18
       Potion            |       |       |     2 |     3 ||     5
 Stab: Sleeping          |       |       |     1 |     1 ||     2
       Distracted        |       |       |       |     1 ||     1
  Eat: Fruit             |       |     1 |       |     1 ||     2
       Chunk             |       |       |     7 |     5 ||    12
       Pizza             |       |       |     4 |     3 ||     7
